 Dungeon Crawl Stone Soup version 0.17.1-1-g73c8601 (webtiles) character file.

249 Implojin the Cleaver (level 5, 0/67 HPs)
             Began as a Minotaur Berserker on Apr 9, 2016.
             Was a Follower of Trog.
             Succumbed to an adder's poison
             ... on level 4 of the Dungeon.
             The game lasted 00:02:27 (405 turns).

Implojin the Cleaver (Minotaur Berserker)            Turns: 405, Time: 00:02:27

Health: 0/67       AC:  2    Str: 31    XL:     5   Next: 87%
Magic:  4/4        EV: 12    Int:  4    God:    Trog [*.....]
Gold:   20         SH:  0    Dex: 10    Spells: 0 memorised, 4 levels left

rFire  . . .     SeeInvis .     a - +0 hand axe
rCold  . . .     Clarity  .     b - +0 animal skin
rNeg   . . .     SustAt   .     (no shield)
rPois  .         Gourm    .     (helmet restricted)
rElec  .         Spirit   .     (no cloak)
rCorr  .         Warding  .     (no gloves)
rMut   .         Stasis   .     (no boots)
MR     .....                    (no amulet)
Stlth  ..........               (no ring)
                                j - +4 ring of strength

@: berserking, lethally poisoned (0 -> -2), very slightly contaminated, very
quick, not resistant to hostile enchantments, extremely unstealthy
A: retaliatory headbutt, horns 2
a: Berserk, Burn Spellbooks, Renounce Religion


You were on level 4 of the Dungeon.
You worshipped Trog.
Trog was aware of your devotion.
You were hungry.

You visited 1 branch of the dungeon, and saw 4 of its levels.

You collected 20 gold pieces.

Inventory:

Hand Weapons
 a - a +0 hand axe (weapon)
Armour
 b - a +0 animal skin (worn)
Jewellery
 j - a +4 ring of strength (left hand)
Scrolls
 g - a scroll of identify {unknown}
 h - a scroll of immolation
Comestibles
 c - a bread ration
 d - a beef jerky
 i - a meat ration


   Skills:
 - Level 3.6 Fighting
 * Level 8.0 Axes
 - Level 2.4 Armour
 - Level 2.1 Dodging


You had 4 spell levels left.
You didn't know any spells.

Dungeon Overview and Level Annotations

Branches:
Dungeon (4/15)
 Temple: D:4-7

Altars:

Annotations:
D:4 exclusion: upstairs


Innate Abilities, Weirdness & Mutations

You reflexively headbutt those who attack you in melee.
You have a pair of horns on your head.


Message History

You are lethally poisoned!
The adder poisons you!
You aren't carrying any potions.
You miss the adder.
The adder is severely wounded.
The adder misses you.
You hit the adder.
You kill the adder!
Trog accepts your kill.
Your Axes skill increases to level 8!
* * * LOW HITPOINT WARNING * * *
You feel sick.
Read which item? (? for menu, Esc to quit)
As you read the scroll labeled RABEBR MUIPRET, it crumbles to dust.
You feel strangely unstable.
It was a scroll of teleportation.
* * * LOW HITPOINT WARNING * * *
You feel sick.
Your surroundings suddenly seem different.
An orc comes into view. It is wielding a dagger.
The orc shouts!
You hear a shout!
Found 14 gold pieces.
Read which item? (? for menu, Esc to quit)
Blink to where?
Press: ? - help, Dir - move target cursor You are very lightly contaminated with residual magic.
As you read the scroll labeled ZAWNURA LU MIAZ, it crumbles to dust.
It was a scroll of blinking.
You feel less exhausted.
* * * LOW HITPOINT WARNING * * *
You feel sick.
Found a bread ration.
Read which item? (? for menu, Esc to quit)
As you read the scroll labeled INILIT KOFOD, it crumbles to dust.
The creatures around you are filled with an inner flame!
It was a scroll of immolation.
Okay, then.
A red film seems to cover your vision as you go berserk!
You feel yourself moving faster!
You feel mighty!
You are feeling hungry.
You die...

#...
#...
%..#
#...
#...##
#...#
#...##
#.@.#
##...#
##...##
#...##
#...#
...##
#.o.#
#ยง..#
##...#


You could see an orc (inner flame).

Vanquished Creatures
  An ice beast (D:4)
  An ogre (D:4)
  A scorpion (D:4)
  3 adders
  A bat (D:3)
  4 rats (D:3)
11 creatures vanquished.

Notes
Turn   | Place    | Note
--------------------------------------------------------------
     0 | D:1      | Implojin the Minotaur Berserker began the quest for the Orb.
     0 | D:1      | Reached XP level 1. HP: 19/19 MP: 0/0
   243 | D:3      | Reached skill level 4 in Axes
   243 | D:3      | Reached XP level 2. HP: 19/26 MP: 1/1
   296 | D:4      | Noticed a scorpion
   300 | D:4      | Killed a scorpion
   300 | D:4      | Reached skill level 5 in Axes
   300 | D:4      | Reached XP level 3. HP: 22/31 MP: 2/2
   321 | D:4      | Noticed an ogre
   328 | D:4      | Killed an ogre
   328 | D:4      | Reached skill level 6 in Axes
   328 | D:4      | Reached XP level 4. HP: 13/39 MP: 3/3
   328 | D:4      | Reached XP level 5. HP: 15/45 MP: 4/4
   349 | D:4      | Noticed an ice beast
   356 | D:4      | Killed an ice beast
   356 | D:4      | Reached skill level 7 in Axes
   399 | D:4      | Reached skill level 8 in Axes
   399 | D:4      | HP: 2/45 [poisoned by an adder]
   405 | D:4      | Succumbed to an adder's poison

Action                   |  1- 3 |  4- 6 || total
-------------------------+-------+-------++-------
Melee: Hand axe          |    16 |     9 ||    25
Invok: Berserk           |     1 |     2 ||     3
  Use: Scroll            |       |     3 ||     3

Table legend:
 A = Turns spent in this place as a percentage of turns spent in the entire game.
 B = Non-inter-level travel turns spent in this place as a percentage of non-inter-level travel turns spent in the entire game.
 C = Inter-level travel turns spent in this place as a percentage of turns spent in this place.
 D = Turns resting spent in this place as a percentage of non-inter-level travel turns spent in this place.
 E = Turns spent auto-exploring this place as a percentage of non-inter-level travel turns spent in this place.
 F = Non-inter-level travel turns spent in this place divided by the number of levels of this place that you've seen.
                   A       B       C       D       E      F
               +-------+-------+-------+-------+-------+----------------------
         Total | 100.0 | 100.0 |   0.0 |   0.0 |   0.0 |  94.8
       Dungeon | 100.0 | 100.0 |   0.0 |   0.0 |   0.0 |  94.8
               +-------+-------+-------+-------+-------+----------------------

Table legend:
 A = Kills in this place as a percentage of kills in entire the game.
 B = Kills by you in this place as a percentage of kills by you in the entire game.
 C = Kills by friends in this place as a percentage of kills by friends in the entire game.
 D = Other kills in this place as a percentage of other kills in the entire game.
 E = Experience gained in this place as a percentage of experience gained in the entire game.
 F = Experience gained in this place divided by the number of levels of this place that you have seen.
                   A       B       C       D       E      F
               +-------+-------+-------+-------+-------+----------------------
         Total | 100.0 | 100.0 |  -nan |  -nan | 100.0 |  89.2
       Dungeon | 100.0 | 100.0 |  -nan |  -nan | 100.0 |  89.2
               +-------+-------+-------+-------+-------+----------------------
